Penguins vs Oilers

Created - March 3 2012 at 11:52

Goals
1 2 3 T
Penguins 3 2 1 6
Oilers 3 0 1 4
Shots
1 2 3 T
Penguins 10 8 9 27
Oilers 10 9 4 23

Period #1

1. Oilers , Michal Handzus 13 (Scott Hannan, Radek Dvorak) at 1:25
2. Oilers , Michal Handzus 14 (Scott Hannan) at 12:32
3. Oilers , Michal Handzus 15 (Brent Sopel) at 13:14
4. Penguins , Mark Recchi 16 (Kris Letang, Rob Niedermayer) at 14:09
5. Penguins , Mark Recchi 17 (Matt Moulson, Kris Letang) at 14:29
6. Penguins , Brad Richards 22 (Kris Letang, Matt Moulson) at 19:21

Penalties :
Roman Hamrlik (EDM) for Interference (Minor) at 1:45, Mike Weaver (EDM) for Holding (Minor) at 5:26, Stephen Weiss (EDM) for Roughing (Minor) at 17:01, James Neal (PIT) for High sticking (Minor) at 19:34

Period #2

7. Penguins , Kris Letang 14 (Mark Recchi, Kevin Bieksa) at 12:33
8. Penguins , Matt Moulson 25 (Kris Letang, Rob Niedermayer) at 13:08

Penalties :
Dan Girardi (PIT) for Hooking (Minor) at 0:38, Mike Weaver (EDM) for Slashing (Minor) at 14:04

Period #3

9. Penguins , Matt Moulson 26 (Kris Letang, Kevin Bieksa) at 9:29
10. Oilers , Karlis Skrastins 7 (Mike Weaver, Derek Roy) at 13:37 (PP)

Penalties :
Peter Regin (EDM) for Holding (Minor) at 2:05, Brent Sopel (EDM) for Holding (Minor) at 10:25, Dan Girardi (PIT) for High sticking (Double Minor) at 13:23, Jochen Hecht (EDM) for Slashing (Minor) at 15:27, Roman Hamrlik (EDM) for Tripping (Minor) at 19:08

Goalie Stats

Brent Johnson (PIT), 2 saves from 2 shots - (1.000), 6:23 minutes
Marc-Andre Fleury (PIT), 17 saves from 21 shots - (0.810), W, 27-12-3, 53:37 minutes
Dan Ellis (EDM), 12 saves from 17 shots - (0.706), L, 8-6-0, 33:08 minutes
Kari Lehtonen (EDM), 9 saves from 10 shots - (0.900), 26:52 minutes

Players Stats

Penguins
Player Name              G  A  P  +/- PIM S  H  SB FO    MP 
------------------------------------------------------------
Alex Steen               0  0  0  -1  0   1  1  0  0/0   21 
Alexander Edler          0  0  0  -1  0   3  1  0  0/0   19 
Brad Richards            1  0  1   0  0   4  0  0  7/12  13 
Brooks Orpik             0  0  0   0  0   0  1  0  0/0   4  
Dan Girardi              0  0  0  -1  6   1  2  5  0/0   21 
Drew Stafford            0  0  0   0  0   0  0  0  3/5   20 
James Neal               0  0  0  -1  2   1  3  0  3/21  22 
Jason Pominville         0  0  0  -1  0   4  1  1  0/3   21 
Joe Pavelski             0  0  0   0  0   0  0  0  0/0   0  
Kevin Bieksa             0  2  2   5  0   0  0  1  0/0   13 
Kris Letang              1  5  6   5  0   1  2  0  0/0   15 
Lubomir Visnovsky        0  0  0  -1  0   0  0  0  0/0   24 
Mark Recchi              2  1  3   5  0   5  1  0  0/0   15 
Matt Moulson             2  2  4   5  0   4  1  0  0/0   15 
Rob Niedermayer          0  2  2   3  0   0  2  0  19/35 23 
Ryan Callahan            0  0  0  -1  0   2  3  1  3/8   22 
Ryan Suter               0  0  0  -1  0   1  0  3  0/0   22 
Steve Montador           0  0  0   0  0   0  0  0  0/0   4  
Oilers
Player Name              G  A  P  +/- PIM S  H  SB FO    MP 
------------------------------------------------------------
Adam Burish              0  0  0  -3  0   2  1  0  0/0   15 
Alexandre Giroux         0  0  0  -2  0   0  0  0  0/0   6  
Andrew Ladd              0  0  0  -1  0   2  1  0  1/2   19 
Brent Sopel              0  1  1   2  2   0  1  0  0/0   13 
Chris Phillips           0  0  0  -2  0   2  1  1  0/0   23 
Derek Roy                0  1  1  -1  0   1  1  0  20/25 21 
Fernando Pisani          0  0  0  -2  0   0  0  0  1/1   7  
Jochen Hecht             0  0  0  -1  2   3  0  0  1/2   21 
Karlis Skrastins         1  0  1  -1  0   1  2  1  0/0   21 
Michal Handzus           3  0  3   1  0   3  1  0  6/12  16 
Mike Weaver              0  1  1  -2  4   0  1  1  0/0   20 
Peter Regin              0  0  0   1  2   0  0  0  0/1   12 
Radek Dvorak             0  1  1   1  0   3  2  0  0/0   14 
Roman Hamrlik            0  0  0  -2  4   1  0  0  0/0   20 
Scott Hannan             0  2  2   1  0   0  0  1  0/0   19 
Scott Nichol             0  0  0  -2  0   1  1  0  4/6   7  
Stephen Weiss            0  0  0  -1  2   4  0  0  14/33 18 
Steve Sullivan           0  0  0  -1  0   0  0  0  2/2   12 

3 Stars

1 - Kris Letang (PIT)
2 - Matt Moulson (PIT)
3 - Mark Recchi (PIT)

Power Play

Penguins - 0 on 8 Attempt(s) - 0.00%
Oilers - 1 on 4 Attempt(s) - 25.00%

Penalty Kill

Penguins - 3 on 4 Attempt(s) - 75.00% - Score 0 goal in Penalty Kill
Oilers - 8 on 8 Attempt(s) - 100.00% - Score 0 goal in Penalty Kill

Game Notes

Michal Handzus has scored a Hat Trick!
Kari Lehtonen enters game at 13:08 of 2nd period
Brent Johnson enters game at 13:37 of 3rd period

Finance

Level 1 -- Attendance: 5275 (81.15%) -- Ticket Income $490,575.00
Level 2 -- Attendance: 5000 (100.00%) -- Ticket Income $235,000.00
Level 3 -- Attendance: 3332 (95.20%) -- Ticket Income $113,288.00
Level 4 -- Attendance: 839 (100.00%) -- Ticket Income $17,619.00
Luxury Box -- Attendance: 803 (80.30%) -- Ticket Income $155,782.00
Game was played at the Rexall Place
Total Attendance: 15249 (90.56%)
Total Ticket Income: $1,023,809.00
Other Income: $219,668.70
Total Income: $1,243,478.00


Play by Play

Period #1

0:01 of 1st period - Rob Niedermayer wins face-off versus Stephen Weiss in neutral zone.
0:03 of 1st period - Alexander Edler is hit by Chris Phillips and loses puck.
0:37 of 1st period - Shot by Stephen Weiss.
0:37 of 1st period - Stopped by Marc-Andre Fleury without a rebound.
0:38 of 1st period - Derek Roy wins face-off versus James Neal in Penguins zone.
0:41 of 1st period - Shot by Jochen Hecht.
0:41 of 1st period - Shot Blocked by Dan Girardi.
0:45 of 1st period - Shot by Adam Burish.
0:45 of 1st period - Stopped by Marc-Andre Fleury with a rebound.
0:47 of 1st period - Shot by Derek Roy.
0:47 of 1st period - Shot Misses the Net.
0:49 of 1st period - Shot by Derek Roy.
0:49 of 1st period - Stopped by Marc-Andre Fleury with a rebound.
0:53 of 1st period - Shot by Derek Roy.
0:53 of 1st period - Shot Blocked by Jason Pominville.
0:55 of 1st period - Shot by Derek Roy.
0:55 of 1st period - Shot Blocked by Dan Girardi.
1:01 of 1st period - Shot by Derek Roy.
1:01 of 1st period - Shot Misses the Net.
1:03 of 1st period - Shot by Karlis Skrastins.
1:03 of 1st period - Shot Misses the Net.
1:08 of 1st period - Icing by Dan Girardi.
1:09 of 1st period - Michal Handzus wins face-off versus James Neal in Penguins zone.
1:25 of 1st period - Shot by Michal Handzus.
1:25 of 1st period - Goal by Michal Handzus - Penguins : 0 - Oilers : 1.
1:26 of 1st period - Scott Nichol wins face-off versus Rob Niedermayer in neutral zone.
1:45 of 1st period - Minor Penalty to Roman Hamrlik for Interference.
1:46 of 1st period - Stephen Weiss wins face-off versus Rob Niedermayer in Oilers zone.
2:35 of 1st period - Off-side.
2:36 of 1st period - Stephen Weiss wins face-off versus James Neal in neutral zone.
3:13 of 1st period - Shot by Ryan Suter.
3:13 of 1st period - Shot Misses the Net.
4:19 of 1st period - Shot by Mark Recchi.
4:19 of 1st period - Stopped by Dan Ellis without a rebound.
4:20 of 1st period - James Neal wins face-off versus Scott Nichol in Oilers zone.
4:57 of 1st period - Off-side.
4:58 of 1st period - Brad Richards wins face-off versus Jochen Hecht in neutral zone.
4:58 of 1st period - Lubomir Visnovsky is hit by Adam Burish and loses puck.
5:12 of 1st period - Brad Richards is hit by Mike Weaver and loses puck.
5:25 of 1st period - Shot by Alexander Edler.
5:25 of 1st period - Shot Misses the Net.
5:26 of 1st period - Minor Penalty to Mike Weaver for Holding.
5:27 of 1st period - Rob Niedermayer wins face-off versus Stephen Weiss in Oilers zone.
6:53 of 1st period - Shot by James Neal.
6:53 of 1st period - Stopped by Dan Ellis with a rebound.
6:55 of 1st period - Shot by Alexander Edler.
6:55 of 1st period - Stopped by Dan Ellis without a rebound.
6:56 of 1st period - Stephen Weiss wins face-off versus Brad Richards in Oilers zone.
7:13 of 1st period - Shot by Mark Recchi.
7:13 of 1st period - Stopped by Dan Ellis without a rebound.
7:14 of 1st period - Derek Roy wins face-off versus Rob Niedermayer in Oilers zone.
8:05 of 1st period - Radek Dvorak is hit by Kris Letang and loses puck.
8:47 of 1st period - Shot by Alexandre Giroux.
8:47 of 1st period - Shot Misses the Net.
8:52 of 1st period - Off-side.
8:53 of 1st period - Derek Roy wins face-off versus James Neal in neutral zone.
8:58 of 1st period - Shot by Derek Roy.
8:58 of 1st period - Shot Blocked by Dan Girardi.
9:00 of 1st period - Shot by Karlis Skrastins.
9:00 of 1st period - Shot Misses the Net.
9:04 of 1st period - Shot by Derek Roy.
9:04 of 1st period - Shot Blocked by Dan Girardi.
9:06 of 1st period - Shot by Jochen Hecht.
9:06 of 1st period - Shot Misses the Net.
9:08 of 1st period - Shot by Derek Roy.
9:08 of 1st period - Shot Misses the Net.
9:10 of 1st period - Shot by Adam Burish.
9:10 of 1st period - Stopped by Marc-Andre Fleury without a rebound.
9:11 of 1st period - Rob Niedermayer wins face-off versus Stephen Weiss in Penguins zone.
10:24 of 1st period - Shot by Adam Burish.
10:24 of 1st period - Shot Hit the Post.
10:26 of 1st period - Shot by Mike Weaver.
10:26 of 1st period - Shot Blocked by Dan Girardi.
11:36 of 1st period - Shot by Radek Dvorak.
11:36 of 1st period - Stopped by Marc-Andre Fleury without a rebound.
11:37 of 1st period - Brad Richards wins face-off versus Scott Nichol in Penguins zone.
12:32 of 1st period - Shot by Michal Handzus.
12:32 of 1st period - Goal by Michal Handzus - Penguins : 0 - Oilers : 2.
12:33 of 1st period - Jochen Hecht wins face-off versus Rob Niedermayer in neutral zone.
13:14 of 1st period - Shot by Michal Handzus.
13:14 of 1st period - Goal by Michal Handzus - Penguins : 0 - Oilers : 3.
13:15 of 1st period - Stephen Weiss wins face-off versus James Neal in neutral zone.
13:25 of 1st period - Off-side.
13:26 of 1st period - Michal Handzus wins face-off versus James Neal in neutral zone.
13:38 of 1st period - Off-side.
13:39 of 1st period - Stephen Weiss wins face-off versus James Neal in neutral zone.
14:03 of 1st period - Icing by Roman Hamrlik.
14:04 of 1st period - Rob Niedermayer wins face-off versus Stephen Weiss in Oilers zone.
14:09 of 1st period - Shot by Mark Recchi.
14:09 of 1st period - Goal by Mark Recchi - Penguins : 1 - Oilers : 3.
14:10 of 1st period - Rob Niedermayer wins face-off versus Derek Roy in neutral zone.
14:25 of 1st period - Shot by Matt Moulson.
14:25 of 1st period - Shot Blocked by Karlis Skrastins.
14:27 of 1st period - Shot by Matt Moulson.
14:27 of 1st period - Shot Misses the Net.
14:29 of 1st period - Shot by Mark Recchi.
14:29 of 1st period - Goal by Mark Recchi - Penguins : 2 - Oilers : 3.
14:30 of 1st period - Michal Handzus wins face-off versus Jason Pominville in neutral zone.
14:33 of 1st period - Shot by Radek Dvorak.
14:33 of 1st period - Stopped by Marc-Andre Fleury with a rebound.
14:37 of 1st period - Shot by Michal Handzus.
14:37 of 1st period - Shot Misses the Net.
15:07 of 1st period - Shot by Jason Pominville.
15:07 of 1st period - Shot Blocked by Scott Hannan.
15:13 of 1st period - Lubomir Visnovsky is hit by Radek Dvorak and loses puck.
15:23 of 1st period - Off-side.
15:24 of 1st period - Derek Roy wins face-off versus Rob Niedermayer in neutral zone.
15:29 of 1st period - Shot by Jochen Hecht.
15:29 of 1st period - Stopped by Marc-Andre Fleury without a rebound.
15:30 of 1st period - Rob Niedermayer wins face-off versus Stephen Weiss in Penguins zone.
15:52 of 1st period - Shot by Matt Moulson.
15:52 of 1st period - Stopped by Dan Ellis without a rebound.
15:53 of 1st period - James Neal wins face-off versus Derek Roy in Oilers zone.
16:48 of 1st period - Shot by Mark Recchi.
16:48 of 1st period - Stopped by Dan Ellis without a rebound.
16:49 of 1st period - Stephen Weiss wins face-off versus Rob Niedermayer in Oilers zone.
17:01 of 1st period - Minor Penalty to Stephen Weiss for Roughing.
17:02 of 1st period - Derek Roy wins face-off versus Rob Niedermayer in Oilers zone.
18:07 of 1st period - Icing by Alex Steen.
18:08 of 1st period - Derek Roy wins face-off versus James Neal in Penguins zone.
19:06 of 1st period - Scott Nichol is hit by Mark Recchi.
19:17 of 1st period - Shot by Brad Richards.
19:17 of 1st period - Stopped by Dan Ellis with a rebound.
19:21 of 1st period - Shot by Brad Richards.
19:21 of 1st period - Goal by Brad Richards - Penguins : 3 - Oilers : 3.
19:22 of 1st period - Brad Richards wins face-off versus Peter Regin in neutral zone.
19:34 of 1st period - Minor Penalty to James Neal for High sticking.
19:35 of 1st period - Rob Niedermayer wins face-off versus Stephen Weiss in Penguins zone.
19:59 of 1st period - Shot by Stephen Weiss.
19:59 of 1st period - Shot Misses the Net.

Period #2

0:01 of 2nd period - Rob Niedermayer wins face-off versus Stephen Weiss in neutral zone.
0:07 of 2nd period - Icing by Andrew Ladd.
0:08 of 2nd period - Rob Niedermayer wins face-off versus Stephen Weiss in Oilers zone.
0:21 of 2nd period - Off-side.
0:22 of 2nd period - Rob Niedermayer wins face-off versus Derek Roy in neutral zone.
0:38 of 2nd period - Minor Penalty to Dan Girardi for Hooking.
0:39 of 2nd period - Stephen Weiss wins face-off versus Ryan Callahan in Penguins zone.
1:46 of 2nd period - Icing by Derek Roy.
1:47 of 2nd period - Derek Roy wins face-off versus Rob Niedermayer in Oilers zone.
2:26 of 2nd period - Stephen Weiss is hit by Rob Niedermayer and loses puck.
2:34 of 2nd period - Shot by Chris Phillips.
2:34 of 2nd period - Shot Misses the Net.
2:36 of 2nd period - Shot by Chris Phillips.
2:36 of 2nd period - Stopped by Marc-Andre Fleury without a rebound.
2:37 of 2nd period - Stephen Weiss wins face-off versus James Neal in Penguins zone.
2:41 of 2nd period - Andrew Ladd is hit by Dan Girardi and loses puck.
2:58 of 2nd period - Shot by James Neal.
2:58 of 2nd period - Shot Misses the Net.
3:07 of 2nd period - Michal Handzus is hit by James Neal and loses puck.
3:12 of 2nd period - Peter Regin is hit by Alex Steen and loses puck.
3:33 of 2nd period - Roman Hamrlik is hit by James Neal and loses puck.
3:44 of 2nd period - Shot by Chris Phillips.
3:44 of 2nd period - Shot Misses the Net.
3:59 of 2nd period - Shot by Matt Moulson.
3:59 of 2nd period - Stopped by Dan Ellis without a rebound.
4:00 of 2nd period - Derek Roy wins face-off versus Ryan Callahan in Oilers zone.
4:39 of 2nd period - Icing by Mark Recchi.
4:40 of 2nd period - Ryan Callahan wins face-off versus Stephen Weiss in Penguins zone.
4:55 of 2nd period - Shot by James Neal.
4:55 of 2nd period - Shot Misses the Net.
4:57 of 2nd period - Shot by Dan Girardi.
4:57 of 2nd period - Stopped by Dan Ellis without a rebound.
4:58 of 2nd period - Rob Niedermayer wins face-off versus Michal Handzus in Oilers zone.
5:02 of 2nd period - Steve Montador is hit by Brent Sopel and loses puck.
5:08 of 2nd period - Icing by Peter Regin.
5:09 of 2nd period - Michal Handzus wins face-off versus James Neal in Oilers zone.
5:45 of 2nd period - Icing by Brent Sopel.
5:46 of 2nd period - Ryan Callahan wins face-off versus Michal Handzus in Oilers zone.
5:53 of 2nd period - Shot by Ryan Callahan.
5:53 of 2nd period - Stopped by Dan Ellis without a rebound.
5:54 of 2nd period - Rob Niedermayer wins face-off versus Stephen Weiss in Oilers zone.
6:04 of 2nd period - Icing by Stephen Weiss.
6:05 of 2nd period - Stephen Weiss wins face-off versus Rob Niedermayer in Oilers zone.
6:30 of 2nd period - Shot by Roman Hamrlik.
6:30 of 2nd period - Stopped by Marc-Andre Fleury without a rebound.
6:31 of 2nd period - Derek Roy wins face-off versus James Neal in Penguins zone.
10:54 of 2nd period - Shot by Jason Pominville.
10:54 of 2nd period - Stopped by Dan Ellis without a rebound.
10:55 of 2nd period - Fernando Pisani wins face-off versus James Neal in Oilers zone.
11:06 of 2nd period - Shot by Scott Nichol.
11:06 of 2nd period - Stopped by Marc-Andre Fleury with a rebound.
11:19 of 2nd period - Fernando Pisani is hit by Brooks Orpik and loses puck.
11:23 of 2nd period - Icing by Lubomir Visnovsky.
11:24 of 2nd period - Brad Richards wins face-off versus Stephen Weiss in Penguins zone.
12:20 of 2nd period - Rob Niedermayer is hit by Scott Nichol and loses puck.
12:27 of 2nd period - Shot by Matt Moulson.
12:27 of 2nd period - Shot Blocked by Mike Weaver.
12:31 of 2nd period - Shot by Mark Recchi.
12:31 of 2nd period - Shot Misses the Net.
12:33 of 2nd period - Shot by Kris Letang.
12:33 of 2nd period - Goal by Kris Letang - Penguins : 4 - Oilers : 3.
12:34 of 2nd period - Derek Roy wins face-off versus Ryan Callahan in neutral zone.
12:58 of 2nd period - Shot by Jason Pominville.
12:58 of 2nd period - Stopped by Dan Ellis without a rebound.
12:59 of 2nd period - Rob Niedermayer wins face-off versus Michal Handzus in Oilers zone.
13:08 of 2nd period - Shot by Matt Moulson.
13:08 of 2nd period - Goal by Matt Moulson - Penguins : 5 - Oilers : 3.
13:08 of 2nd period - Kari Lehtonen enters game.
13:09 of 2nd period - Stephen Weiss wins face-off versus Ryan Callahan in neutral zone.
13:14 of 2nd period - Shot by Stephen Weiss.
13:14 of 2nd period - Shot Misses the Net.
13:18 of 2nd period - Shot by Steve Sullivan.
13:18 of 2nd period - Shot Misses the Net.
13:20 of 2nd period - Shot by Stephen Weiss.
13:20 of 2nd period - Deflect By Andrew Ladd.
13:20 of 2nd period - Shot Misses the Net.
13:24 of 2nd period - Shot by Stephen Weiss.
13:24 of 2nd period - Stopped by Marc-Andre Fleury with a rebound.
13:28 of 2nd period - Shot by Stephen Weiss.
13:28 of 2nd period - Shot Blocked by Kevin Bieksa.
13:30 of 2nd period - Shot by Stephen Weiss.
13:30 of 2nd period - Stopped by Marc-Andre Fleury without a rebound.
13:31 of 2nd period - Derek Roy wins face-off versus Drew Stafford in Penguins zone.
13:42 of 2nd period - Shot by Derek Roy.
13:42 of 2nd period - Shot Misses the Net.
13:57 of 2nd period - Icing by Adam Burish.
13:58 of 2nd period - Derek Roy wins face-off versus Rob Niedermayer in Oilers zone.
14:04 of 2nd period - Minor Penalty to Mike Weaver for Slashing.
14:05 of 2nd period - Derek Roy wins face-off versus Rob Niedermayer in Oilers zone.
14:16 of 2nd period - Shot by Lubomir Visnovsky.
14:16 of 2nd period - Shot Misses the Net.
14:20 of 2nd period - Shot by Alexander Edler.
14:20 of 2nd period - Stopped by Kari Lehtonen without a rebound.
14:21 of 2nd period - Stephen Weiss wins face-off versus Rob Niedermayer in Oilers zone.
14:21 of 2nd period - Roman Hamrlik is hit by Rob Niedermayer.
15:34 of 2nd period - Icing by Lubomir Visnovsky.
15:35 of 2nd period - Derek Roy wins face-off versus James Neal in Penguins zone.
16:17 of 2nd period - Shot by Radek Dvorak.
16:17 of 2nd period - Stopped by Marc-Andre Fleury without a rebound.
16:18 of 2nd period - Scott Nichol wins face-off versus James Neal in Penguins zone.
17:57 of 2nd period - Jochen Hecht is hit by Matt Moulson and loses puck.
18:12 of 2nd period - Shot by Jochen Hecht.
18:12 of 2nd period - Stopped by Marc-Andre Fleury without a rebound.
18:13 of 2nd period - Steve Sullivan wins face-off versus Brad Richards in Penguins zone.
18:14 of 2nd period - Shot by Andrew Ladd.
18:14 of 2nd period - Stopped by Marc-Andre Fleury without a rebound.
18:15 of 2nd period - Stephen Weiss wins face-off versus Brad Richards in Penguins zone.
18:38 of 2nd period - Stephen Weiss is hit by Alexander Edler and loses puck.
18:41 of 2nd period - Shot by Chris Phillips.
18:41 of 2nd period - Stopped by Marc-Andre Fleury without a rebound.
18:42 of 2nd period - Derek Roy wins face-off versus Jason Pominville in Penguins zone.
19:09 of 2nd period - Derek Roy is hit by Dan Girardi and loses puck.
19:22 of 2nd period - James Neal is hit by Derek Roy and loses puck.
19:43 of 2nd period - Icing by Kris Letang.
19:44 of 2nd period - Rob Niedermayer wins face-off versus Michal Handzus in Penguins zone.

Period #3

0:01 of 3rd period - Rob Niedermayer wins face-off versus Stephen Weiss in neutral zone.
0:53 of 3rd period - Alexander Edler is hit by Karlis Skrastins and loses puck.
1:45 of 3rd period - Radek Dvorak is hit by James Neal and loses puck.
2:05 of 3rd period - Minor Penalty to Peter Regin for Holding.
2:06 of 3rd period - Brad Richards wins face-off versus Derek Roy in Oilers zone.
3:45 of 3rd period - Shot by Drew Stafford.
3:45 of 3rd period - Deflect By Ryan Callahan.
3:45 of 3rd period - Shot Blocked by Chris Phillips.
3:47 of 3rd period - Shot by Alexander Edler.
3:47 of 3rd period - Stopped by Kari Lehtonen without a rebound.
3:48 of 3rd period - Brad Richards wins face-off versus Stephen Weiss in Oilers zone.
5:05 of 3rd period - Shot by Brad Richards.
5:05 of 3rd period - Shot Misses the Net.
5:09 of 3rd period - Shot by Brad Richards.
5:09 of 3rd period - Stopped by Kari Lehtonen without a rebound.
5:10 of 3rd period - Scott Nichol wins face-off versus James Neal in Oilers zone.
5:43 of 3rd period - Shot by Alexandre Giroux.
5:43 of 3rd period - Shot Blocked by Ryan Suter.
5:47 of 3rd period - Shot by Fernando Pisani.
5:47 of 3rd period - Shot Blocked by Ryan Callahan.
5:49 of 3rd period - Shot by Roman Hamrlik.
5:49 of 3rd period - Shot Misses the Net.
7:02 of 3rd period - Shot by Brad Richards.
7:02 of 3rd period - Stopped by Kari Lehtonen without a rebound.
7:03 of 3rd period - Michal Handzus wins face-off versus Brad Richards in Oilers zone.
7:14 of 3rd period - Icing by Michal Handzus.
7:15 of 3rd period - Drew Stafford wins face-off versus Michal Handzus in Oilers zone.
7:20 of 3rd period - Shot by Alex Steen.
7:20 of 3rd period - Stopped by Kari Lehtonen without a rebound.
7:21 of 3rd period - Scott Nichol wins face-off versus Rob Niedermayer in Oilers zone.
9:29 of 3rd period - Shot by Matt Moulson.
9:29 of 3rd period - Goal by Matt Moulson - Penguins : 6 - Oilers : 3.
9:30 of 3rd period - Brad Richards wins face-off versus Stephen Weiss in neutral zone.
9:59 of 3rd period - Icing by Chris Phillips.
10:00 of 3rd period - Rob Niedermayer wins face-off versus Stephen Weiss in Oilers zone.
10:06 of 3rd period - Off-side.
10:07 of 3rd period - Derek Roy wins face-off versus James Neal in neutral zone.
10:07 of 3rd period - Jochen Hecht is hit by Ryan Callahan and loses puck.
10:20 of 3rd period - Shot by Jason Pominville.
10:20 of 3rd period - Shot Misses the Net.
10:24 of 3rd period - Shot by Ryan Callahan.
10:24 of 3rd period - Stopped by Kari Lehtonen without a rebound.
10:25 of 3rd period - Rob Niedermayer wins face-off versus Michal Handzus in Oilers zone.
10:25 of 3rd period - Minor Penalty to Brent Sopel for Holding.
10:26 of 3rd period - Stephen Weiss wins face-off versus Rob Niedermayer in Oilers zone.
11:18 of 3rd period - Icing by Alex Steen.
11:19 of 3rd period - Derek Roy wins face-off versus James Neal in Penguins zone.
11:37 of 3rd period - Shot by Ryan Suter.
11:37 of 3rd period - Stopped by Kari Lehtonen without a rebound.
11:38 of 3rd period - Rob Niedermayer wins face-off versus Stephen Weiss in Oilers zone.
13:22 of 3rd period - Roman Hamrlik is hit by Jason Pominville.
13:23 of 3rd period - Double Minor Penalty to Dan Girardi for High sticking.
13:24 of 3rd period - Steve Sullivan wins face-off versus Drew Stafford in Penguins zone.
13:25 of 3rd period - Shot by Stephen Weiss.
13:25 of 3rd period - Shot Blocked by Ryan Suter.
13:29 of 3rd period - Shot by Andrew Ladd.
13:29 of 3rd period - Stopped by Marc-Andre Fleury without a rebound.
13:30 of 3rd period - Derek Roy wins face-off versus Rob Niedermayer in Penguins zone.
13:33 of 3rd period - Shot by Derek Roy.
13:33 of 3rd period - Shot Blocked by Ryan Suter.
13:35 of 3rd period - Shot by Mike Weaver.
13:35 of 3rd period - Shot Misses the Net.
13:37 of 3rd period - Shot by Karlis Skrastins.
13:37 of 3rd period - Goal by Karlis Skrastins - Penguins : 6 - Oilers : 4.
13:37 of 3rd period - Brent Johnson enters game.
13:38 of 3rd period - Stephen Weiss wins face-off versus Jason Pominville in neutral zone.
13:47 of 3rd period - Shot by Stephen Weiss.
13:47 of 3rd period - Stopped by Brent Johnson without a rebound.
13:48 of 3rd period - Rob Niedermayer wins face-off versus Derek Roy in Penguins zone.
14:21 of 3rd period - Shot by Jochen Hecht.
14:21 of 3rd period - Stopped by Brent Johnson without a rebound.
14:22 of 3rd period - James Neal wins face-off versus Andrew Ladd in Penguins zone.
14:28 of 3rd period - Icing by Roman Hamrlik.
14:29 of 3rd period - Drew Stafford wins face-off versus Stephen Weiss in Oilers zone.
15:20 of 3rd period - Icing by Derek Roy.
15:21 of 3rd period - Derek Roy wins face-off versus Rob Niedermayer in Oilers zone.
15:26 of 3rd period - Lubomir Visnovsky is hit by Radek Dvorak.
15:27 of 3rd period - Minor Penalty to Jochen Hecht for Slashing.
15:28 of 3rd period - Andrew Ladd wins face-off versus Ryan Callahan in Oilers zone.
15:34 of 3rd period - Andrew Ladd is hit by Kris Letang and loses puck.
16:06 of 3rd period - Alex Steen is hit by Karlis Skrastins and loses puck.
16:29 of 3rd period - Scott Hannan is hit by Ryan Callahan and loses puck.
16:46 of 3rd period - Shot by Ryan Callahan.
16:46 of 3rd period - Shot Misses the Net.
17:22 of 3rd period - Shot by Brad Richards.
17:22 of 3rd period - Deflect By Jason Pominville.
17:22 of 3rd period - Stopped by Kari Lehtonen without a rebound.
17:23 of 3rd period - Drew Stafford wins face-off versus Stephen Weiss in Oilers zone.
17:52 of 3rd period - Icing by Karlis Skrastins.
17:53 of 3rd period - Michal Handzus wins face-off versus James Neal in Oilers zone.
18:16 of 3rd period - Shot by Jason Pominville.
18:16 of 3rd period - Stopped by Kari Lehtonen with a rebound.
18:32 of 3rd period - Matt Moulson is hit by Michal Handzus and loses puck.
18:55 of 3rd period - Ryan Suter is hit by Andrew Ladd.
19:08 of 3rd period - Minor Penalty to Roman Hamrlik for Tripping.
19:09 of 3rd period - Derek Roy wins face-off versus Brad Richards in Oilers zone.
19:40 of 3rd period - Derek Roy is hit by Ryan Callahan and loses puck.
19:48 of 3rd period - Icing by Ryan Callahan.
19:49 of 3rd period - Ryan Callahan wins face-off versus Stephen Weiss in Penguins zone.


Output by the SimonT Hockey Simulator (STHS) for Stephane Roy -- Original Page W3C XHTML 1.0 Valid